 Dungeon Crawl Stone Soup version 0.23-a0-171-g5ae17c6 (webtiles) character file.

4 iamserjio the Digger (level 1, 0/14 HPs)
             Began as a Formicid Wanderer on Sept 13, 2018.
             Slain by a leopard gecko (1 damage)
             ... on level 1 of the Dungeon.
             The game lasted 00:01:55 (243 turns).

iamserjio the Digger (Formicid Wanderer)             Turns: 243, Time: 00:01:55

Health: 0/14       AC:  2    Str: 15    XL:     1   Next: 77%
Magic:  2/2        EV: 11    Int: 11    God:
Gold:   0          SH:  0    Dex: 11    Spells: 0/1 levels left

rFire    . . .     SeeInvis +   e - +0 club
rCold    . . .     Gourm    .   (no shield)
rNeg     . . .     Faith    .   d - +0 robe
rPois    .         Spirit   .   (helmet unavailable)
rElec    .         Reflect  .   (no cloak)
rCorr    .         Harm     .   (no gloves)
MR       .....                  (no boots)
Stlth    +.........             (no amulet)
HPRegen  0.04/turn              (no ring)
MPRegen  0.08/turn              (no ring)

@: no status effects
A: permanent stasis, dig shafts and tunnels, four strong arms, antennae 3
a: Dig, Shaft Self


You were on level 1 of the Dungeon.
You were not hungry.

You visited 1 branch of the dungeon, and saw 1 of its levels.

Inventory:

Hand Weapons
 e - a +0 club (weapon)
Armour
 d - a +0 robe (worn)
Potions
 c - a potion of lignification
Comestibles
 a - a chunk of flesh
 f - 2 rations


   Skills:
 + Level 0.7 Fighting
 - Level 2.0 Maces & Flails
 - Level 3.2 Armour
 + Level 0.8 Spellcasting
 - Level 3.6 Earth Magic
   Level 2.1 Evocations


You couldn't memorise any spells.
You knew the following spells:

 Your Spells              Type           Power        Failure   Level  Hunger
a - Sandblast             Erth           #.....       8%          1    ##.....

Your spell library contained the following spells:

 Spells                   Type           Power        Failure   Level  Hunger
 Passwall                 Tmut/Erth      #.......     24%         2    ###....
 Corona                   Hex            #......      32%         1    ##.....
 Stone Arrow              Conj/Erth      #.....       43%         3    ####...
 Confuse                  Hex            #.......     69%         3    ####...
 Petrify                  Tmut/Erth      #.......     83%         4    #####..
 Lee's Rapid Deconstruct  Erth           #.........   91%         5    ######.


Dungeon Overview and Level Annotations

Branches:
Dungeon (1/15)

Altars:


Innate Abilities, Weirdness & Mutations

You cannot be hasted, slowed, berserked, paralysed or teleported.
You can dig through walls and to a lower floor.
Your four strong arms can wield two-handed weapons with a shield.
You have a pair of large antennae on your head. (SInv)


Message History

Aiming: Sandblast (safe; 8% risk of failure)
Aim: a jackal You don't have any stones to cast with.
Unknown command.
You closely miss the jackal. The jackal bites you. x2
You closely miss the jackal.
The jackal bites you but does no damage.
You hit the jackal.
The jackal bites you but does no damage.
The jackal bites you.
Okay, then.
You hit the jackal.
You kill the jackal!
You hit the leopard gecko. The leopard gecko bites you.
You hit the leopard gecko. The leopard gecko bites you.
* * * LOW HITPOINT WARNING * * *
The leopard gecko bites you.
* * * LOW HITPOINT WARNING * * *
You barely miss the leopard gecko. The leopard gecko bites you.
You die...

#{ ##. ## #...
#. #.#.>#. ##
#......#####..#
........l@.#.#
.##....###..## #
##.#.###.#.#...#
# #.#....>..)..
#.#.#.)...... {
###.##.......
#.<..#.#....#
#รท...#.#..%.#
##'####.# ...#


You could see a leopard gecko.

Vanquished Creatures
  A jackal (D:1)
  5 rats (D:1)
6 creatures vanquished.

Notes
Turn   | Place    | Note
-------+----------+-------------------------------------------
     0 | D:1      | iamserjio the Formicid Wanderer began the quest for the
                  | Orb.
     0 | D:1      | iamserjio set off with: a potion of lignification, a +0
                  | robe, a +0 club, a ration
     0 | D:1      | Reached XP level 1. HP: 13/13 MP: 2/2
   221 | D:1      | Learned a level 1 spell: Sandblast
   243 | D:1      | Slain by a leopard gecko

Vault maps used:
D:1:      dpeg_arrival_ratfight, minmay_tall_x

Action                   || total
-------------------------++-------
Melee: Club              ||    18
Armor: Robe              ||     3
Dodge: Dodged            ||     5

Table legend:
 A = Non-vault XP
 B = Vault XP
 C = Vault XP percentage of total XP
 D = Non-vault monster count
 E = Vault monster count
 F = Vault count percentage of total count
                 A         B        C        D         E       F
            +---------+---------+-------+---------+---------+-------
      Total |       2 |       5 |  71.4 |       1 |       5 |  83.3
            +---------+---------+-------+---------+---------+-------
        D:1 |       2 |       5 |  71.4 |       1 |       5 |  83.3
            +---------+---------+-------+---------+---------+-------
